APP
BOSTON (APP) RED SOX @ BURLINGTON ROYALS
07/14/2047
 
TOP OF THE 1ST
Boston (APP) Red Sox batting - Pitching for Burlington Royals : RHP Joey Ferguson
Pitching: RHP Joey Ferguson
Batting: RHB Roger Mitchell 0-0: Called Strike
0-1: Ball
1-1: Ball
2-1: Foul Ball, location: 2F
2-2: Strikes out looking
Batting: RHB Tony Gallegos 0-0: Ball
1-0: Fly out, F9 (Line Drive, 9, EV 90.6 MPH)
Batting: RHB Dominique Paolozzi 0-0: Ball
1-0: Ball
2-0: Called Strike
2-1: SINGLE (Groundball, 6MD, EV 98.8 MPH)
Batting: RHB Mike Rosa 0-0: Ball
1-0: Ball
2-0: Called Strike
2-1: Called Strike
2-2: Foul Ball, location: 2F
2-2: Foul Ball, location: 2F
2-2: Strikes out swinging
Top of the 1st over - 0 runs, 1 hit, 0 errors, 1 left on base; Boston (APP) 0 - Burlington 0
BOTTOM OF THE 1ST
Burlington Royals batting - Pitching for Boston (APP) Red Sox : RHP Nate Rizzi
Pitching: RHP Nate Rizzi
Batting: RHB Jon Shonka 0-0: Foul Ball, location: 2F
0-1: Ball
1-1: Ball
2-1: Ball
3-1: Called Strike
3-2: Foul Ball, location: 2F
3-2: Ground out 5-3 (Groundball, 56, EV 96.9 MPH)
Batting: LHB Pablo Serrato 0-0: Ball
1-0: Ball
2-0: Ball
3-0: Called Strike
3-1: Base on Balls
Batting: RHB Carlos Almada 0-0: Ball
1-0: Foul Ball, location: 2F
1-1: Swinging Strike
1-2: Fly out, F7 (Flyball, 7LS, EV 82.5 MPH)
Batting: LHB Vicente Hernandez 0-0: Ball
1-0: Ball
2-0: Called Strike
2-1: Ball
3-1: SINGLE (Groundball, 3D, EV 95.6 MPH)
Pablo Serrato to second
Runner from 2nd tries for 3rd, SAFE, throw by RF made to third
Batting: RHB Ian Hornsby 0-0: Ball
Vicente Hernandez steals 2nd base
1-0: Foul Ball, location: 2F
1-1: Fly out, F9 (Flyball, 89D, EV 83.1 MPH)
Bottom of the 1st over - 0 runs, 1 hit, 0 errors, 2 left on base; Boston (APP) 0 - Burlington 0
TOP OF THE 2ND
Boston (APP) Red Sox batting - Pitching for Burlington Royals : RHP Joey Ferguson
Pitching: RHP Luis Diaz
Batting: LHB Mike Hutcheson 0-0: Ground out 4-3 (Groundball, 4, EV 103.8 MPH)
Batting: RHB Mario Arriero 0-0: Foul Ball, location: 2F
0-1: Ball
1-1: Ball
2-1: Ball
3-1: Foul Ball, location: 2F
3-2: Base on Balls
Batting: RHB Bakhtiar Asadov 0-0: Called Strike
0-1: Grounds into double play, 6-4-3 (Groundball, 6, EV 81.9 MPH)
Top of the 2nd over - 0 runs, 0 hits, 0 errors, 0 left on base; Boston (APP) 0 - Burlington 0
BOTTOM OF THE 2ND
Burlington Royals batting - Pitching for Boston (APP) Red Sox : RHP Nate Rizzi
Batting: RHB Dave Saldana 0-0: Ground out 6-3 (Groundball, 6MD, EV 93.1 MPH)
Batting: RHB Trevor Kingston 0-0: Foul Ball, location: 2F
0-1: Called Strike
0-2: Foul Ball, location: 2F
0-2: Hit by Pitch
Batting: RHB Carlos Santoni 0-0: Ball
1-0: Ball
2-0: Ball
3-0: Base on Balls
Trevor Kingston to second
Batting: RHB Junro Kato 0-0: Foul Ball, location: 2F
0-1: Ball
1-1: Foul Ball, location: 2F
1-2: Ball
Passed Ball!
Trevor Kingston to third
Carlos Santoni to second
2-2: Foul Ball, location: 2F
2-2: DOUBLE (Line Drive, 5D, EV 104.4 MPH)
Trevor Kingston scores
Carlos Santoni scores
Batting: RHB Jon Shonka 0-0: Ball
1-0: Ball
2-0: Ground out 3-1 (Groundball, 34, EV 100.6 MPH)
Junro Kato to third
Batting: LHB Pablo Serrato 0-0: DOUBLE (Line Drive, 3D, EV 98.8 MPH)
Junro Kato scores
Batting: RHB Carlos Almada 0-0: Called Strike
0-1: Ball
1-1: SINGLE (Groundball, 34D, EV 98.8 MPH)
Pablo Serrato to third
Runner from 3rd tries for Home, SAFE, throw by RF to home
Batting: LHB Vicente Hernandez 0-0: Ball
1-0: Swinging Strike
1-1: Ball
2-1: Ball
3-1: DOUBLE (Flyball, 8RXD, EV 106.2 MPH)
Carlos Almada to third
Runner from 3rd tries for Home, SAFE, throw by CF to home
Batting: RHB Ian Hornsby 0-0: Called Strike
0-1: Swinging Strike
0-2: Foul Ball, location: 2F
0-2: Ball
1-2: Strikes out swinging
Bottom of the 2nd over - 5 runs, 4 hits, 0 errors, 1 left on base; Boston (APP) 0 - Burlington 5
TOP OF THE 3RD
Boston (APP) Red Sox batting - Pitching for Burlington Royals : RHP Luis Diaz
Batting: LHB Robert Gonzalez 0-0: Called Strike
0-1: Ball
1-1: Ball
2-1: Foul Ball, location: 2F
2-2: Strikes out swinging
Batting: RHB Willie Camacho 0-0: Called Strike
0-1: Ball
1-1: Ball
2-1: Ball
3-1: Foul Ball, location: 2F
3-2: Foul Ball, location: 2F
3-2: Strikes out swinging
Pitching: RHP Jordan Viveros
Batting: RHB Roger Mitchell 0-0: SINGLE (Flyball, 7S, EV 95.0 MPH)
Batting: RHB Tony Gallegos 0-0: Ball
Roger Mitchell is caught stealing 2nd base 2-4
Top of the 3rd over - 0 runs, 1 hit, 0 errors, 0 left on base; Boston (APP) 0 - Burlington 5
BOTTOM OF THE 3RD
Burlington Royals batting - Pitching for Boston (APP) Red Sox : RHP Nate Rizzi
Pitching: RHP Mike Goodwin
Batting: RHB Dave Saldana 0-0: Called Strike
0-1: Ball
1-1: Ball
2-1: Ball
3-1: Fly out, F7 (Flyball, 78M, EV 88.1 MPH)
Batting: RHB Trevor Kingston 0-0: Ball
1-0: Foul Ball, location: 2F
1-1: Foul Ball, location: 2F
1-2: Ball
2-2: Strikes out looking
Batting: RHB Carlos Santoni 0-0: Ball
1-0: Foul Ball, location: 2F
1-1: Ball
2-1: Fly out, F9 (Flyball, 89M, EV 85.0 MPH)
Bottom of the 3rd over - 0 runs, 0 hits, 0 errors, 0 left on base; Boston (APP) 0 - Burlington 5
TOP OF THE 4TH
Boston (APP) Red Sox batting - Pitching for Burlington Royals : RHP Jordan Viveros
Batting: RHB Tony Gallegos 0-0: Ball
1-0: Called Strike
1-1: Ball
2-1: Ball
3-1: SINGLE (Groundball, 4S, EV 64.4 MPH) (infield hit)
Batting: RHB Dominique Paolozzi 0-0: Ball
1-0: Ball
2-0: Swinging Strike
2-1: SINGLE (Groundball, 6D, EV 103.8 MPH)
Tony Gallegos to second
Batting: RHB Mike Rosa 0-0: Called Strike
0-1: Ball
1-1: Ball
2-1: Swinging Strike
2-2: Strikes out swinging
Batting: LHB Mike Hutcheson 0-0: Fielders Choice at 2nd, 3-6 (Groundball, 3, EV 83.1 MPH)
Tony Gallegos to third
Batting: RHB Mario Arriero 0-0: Ball
1-0: Called Strike
1-1: Foul Ball, location: 2F
1-2: SINGLE (Groundball, 6D, EV 101.9 MPH)
Tony Gallegos scores
Mike Hutcheson to second
Pitching: RHP Brett Essary
Batting: RHB Bakhtiar Asadov 0-0: Ball
1-0: Ball
2-0: SINGLE (Line Drive, 5L, EV 101.2 MPH)
Mike Hutcheson to third
Mario Arriero to second
Runner from 3rd tries for Home, SAFE, throw by LF to home
Batting: LHB Robert Gonzalez 0-0: Ball
1-0: Called Strike
1-1: Ball
2-1: Called Strike
2-2: Foul Ball, location: 2F
2-2: Strikes out looking
Top of the 4th over - 2 runs, 4 hits, 0 errors, 2 left on base; Boston (APP) 2 - Burlington 5
BOTTOM OF THE 4TH
Burlington Royals batting - Pitching for Boston (APP) Red Sox : RHP Mike Goodwin
Batting: RHB Junro Kato 0-0: Ball
1-0: Foul Ball, location: 2F
1-1: Ball
2-1: Foul Ball, location: 2F
2-2: Ball
3-2: Base on Balls
Batting: RHB Jon Shonka 0-0: Ball
1-0: Swinging Strike
1-1: Fielders Choice at 2nd, 5-4 (Groundball, 5S, EV 78.1 MPH)
Batting: LHB Pablo Serrato 0-0: Called Strike
0-1: Foul Ball, location: 2F
0-2: Ball
1-2: Ball
2-2: SINGLE (Groundball, 6S, EV 73.8 MPH) (infield hit)
Jon Shonka to second
Batting: RHB Carlos Almada 0-0: Grounds into double play, 5-4-3 (Groundball, 56S, EV 86.2 MPH)
Bottom of the 4th over - 0 runs, 1 hit, 0 errors, 1 left on base; Boston (APP) 2 - Burlington 5
TOP OF THE 5TH
Boston (APP) Red Sox batting - Pitching for Burlington Royals : RHP Brett Essary
Batting: RHB Willie Camacho 0-0: Ball
1-0: SINGLE (Groundball, 6MD, EV 105.6 MPH)
Batting: RHB Roger Mitchell 0-0: Ball
1-0: Foul Ball, location: 2F
1-1: Foul Ball, location: 2F
1-2: Fly out, F9 (Flyball, 89S, EV 87.5 MPH)
Batting: RHB Tony Gallegos 0-0: Ball
1-0: Ball
2-0: Ball
3-0: Called Strike
3-1: Base on Balls
Willie Camacho to second
Pitching: RHP Paul Gibbens
Batting: RHB Dominique Paolozzi 0-0: Ball
1-0: Fly out, F7 (Line Drive, 7, EV 103.1 MPH)
Batting: RHB Mike Rosa 0-0: Ball
1-0: Swinging Strike
1-1: Ground out 4-3 (Groundball, 4, EV 87.5 MPH)
Top of the 5th over - 0 runs, 1 hit, 0 errors, 2 left on base; Boston (APP) 2 - Burlington 5
BOTTOM OF THE 5TH
Burlington Royals batting - Pitching for Boston (APP) Red Sox : RHP Mike Goodwin
Batting: LHB Vicente Hernandez 0-0: Ball
1-0: Called Strike
1-1: Foul Ball, location: 2F
1-2: Foul Ball, location: 2F
1-2: Strikes out looking
Batting: RHB Ian Hornsby 0-0: Ball
1-0: Called Strike
1-1: Ball
2-1: Ground out 5-3 (Groundball, 5S, EV 70.0 MPH)
Batting: RHB Dave Saldana 0-0: Ball
1-0: Foul Ball, location: 2F
1-1: Ball
2-1: Ball
3-1: Foul Ball, location: 2F
3-2: Base on Balls
Batting: RHB Trevor Kingston 0-0: Ball
Dave Saldana steals 2nd base
1-0: Ball
2-0: Called Strike
2-1: Ball
3-1: Called Strike
3-2: DOUBLE (Line Drive, 9LS, EV 101.2 MPH)
Dave Saldana scores
Pitching: RHP Seb Lightfoot
Batting: RHB Carlos Santoni 0-0: Fly out, F7 (Line Drive, 7S, EV 93.8 MPH)
Bottom of the 5th over - 1 run, 1 hit, 0 errors, 1 left on base; Boston (APP) 2 - Burlington 6
TOP OF THE 6TH
Boston (APP) Red Sox batting - Pitching for Burlington Royals : RHP Paul Gibbens
Batting: LHB Mike Hutcheson 0-0: Called Strike
0-1: Ball
1-1: Ball
2-1: Fly out, F7 (Flyball, 7S, EV 89.4 MPH)
Batting: RHB Mario Arriero 0-0: Ball
1-0: Ball
2-0: Foul Ball, location: 2F
2-1: Foul Ball, location: 2F
2-2: Strikes out swinging
Batting: RHB Bakhtiar Asadov 0-0: Called Strike
0-1: Swinging Strike
0-2: Ball
1-2: Strikes out looking
Top of the 6th over - 0 runs, 0 hits, 0 errors, 0 left on base; Boston (APP) 2 - Burlington 6
BOTTOM OF THE 6TH
Burlington Royals batting - Pitching for Boston (APP) Red Sox : RHP Seb Lightfoot
Batting: RHB Junro Kato 0-0: Called Strike
0-1: Foul Ball, location: 2F
0-2: Ground out 6-3 (Groundball, 56, EV 86.2 MPH)
Batting: RHB Jon Shonka 0-0: Called Strike
0-1: Ball
1-1: Ball
2-1: Ball
3-1: Base on Balls
Batting: LHB Pablo Serrato 0-0: Foul Ball, location: 2F
Pickoff Throw to First - Out! 1-3 CS
0-1: DOUBLE (Flyball, 8LXD, EV 95.6 MPH)
Batting: RHB Carlos Almada 0-0: Called Strike
0-1: Ball
1-1: SINGLE (Groundball, 6M, EV 95.0 MPH)
Pablo Serrato to third
Runner from 3rd tries for Home, SAFE, throw by CF to home
Batting: LHB Vicente Hernandez 0-0: Swinging Strike
0-1: Ball
1-1: Ball
2-1: Foul Ball, location: 2F
2-2: Ball
3-2: Base on Balls
Carlos Almada to second
Batting: RHB Ian Hornsby 0-0: Ball
1-0: Foul Ball, location: 2F
1-1: Ball
2-1: Foul Ball, location: 2F
2-2: Foul Ball, location: 2F
2-2: Foul Ball, location: 2F
2-2: Ball
3-2: Fly out, F7 (Flyball, 7D, EV 89.4 MPH)
Bottom of the 6th over - 1 run, 2 hits, 0 errors, 2 left on base; Boston (APP) 2 - Burlington 7
TOP OF THE 7TH
Boston (APP) Red Sox batting - Pitching for Burlington Royals : RHP Paul Gibbens
Pitching: RHP Obiniana Gaters
Batting: LHB Robert Gonzalez 0-0: Ball
1-0: Swinging Strike
1-1: Ball
2-1: Ball
3-1: Base on Balls
Batting: RHB Willie Camacho 0-0: Ball
Wild Pitch!
Robert Gonzalez to second
1-0: Foul Ball, location: 2F
1-1: Fly out, F7 (Line Drive, 78M, EV 103.1 MPH)
Batting: RHB Roger Mitchell 0-0: Ball
1-0: Ball
2-0: 2-RUN HOME RUN (Flyball, 7D, EV 98.1 MPH), Distance : 382 ft
Batting: RHB Tony Gallegos 0-0: SINGLE (Groundball, 56D, EV 106.9 MPH)
Batting: RHB Dominique Paolozzi 0-0: Ball
1-0: Foul Ball, location: 2F
1-1: DOUBLE (Groundball, 5L, EV 103.8 MPH)
Tony Gallegos to third
Batting: RHB Mike Rosa 0-0: Swinging Strike
0-1: Ball
1-1: Ball
2-1: SINGLE (Groundball, 4S, EV 65.6 MPH) (infield hit)
Tony Gallegos scores
Dominique Paolozzi to third
Pitching: RHP Chance Griffin
Batting: LHB Mike Hutcheson 0-0: Ball
1-0: Ball
2-0: Called Strike
2-1: Ball
3-1: SINGLE (Groundball, 13, EV 85.6 MPH) (infield hit)
Dominique Paolozzi scores
Mike Rosa to second
Batting: RHB Mario Arriero 0-0: Ball
1-0: Ball
2-0: Ball
Wild Pitch!
Mike Rosa to third
Mike Hutcheson to second
3-0: Base on Balls
Pinch Hitting: LHB Stanislav Parusov 0-0: Foul Ball, location: 2F
0-1: Foul Ball, location: 2F
0-2: GRAND SLAM HOME RUN (Line Drive, 7D, EV 101.2 MPH), Distance : 380 ft
Pitching: RHP Jim Haggart
Batting: LHB Robert Gonzalez 0-0: Ball
1-0: Ball
2-0: Ball
3-0: Called Strike
3-1: Foul Ball, location: 2F
3-2: Base on Balls
Batting: RHB Willie Camacho 0-0: Called Strike
Robert Gonzalez steals 2nd base
0-1: SINGLE (Groundball, 4MD, EV 83.8 MPH) (infield hit)
Robert Gonzalez to third
Batting: RHB Roger Mitchell 0-0: Ball
1-0: Ball
2-0: Ball
3-0: Called Strike
3-1: Base on Balls
Willie Camacho to second
Batting: RHB Tony Gallegos 0-0: Foul Ball, location: 2F
0-1: Ball
1-1: Swinging Strike
1-2: Foul Ball, location: 2F
1-2: SINGLE (Groundball, 56D, EV 107.5 MPH)
Robert Gonzalez scores
Willie Camacho to third
Roger Mitchell to second
Pitching: RHP Brian Hunt
Batting: RHB Dominique Paolozzi 0-0: Swinging Strike
0-1: Ball
1-1: Ball
2-1: Called Strike
2-2: Strikes out looking
Batting: RHB Mike Rosa 0-0: Called Strike
0-1: Ball
1-1: Swinging Strike
1-2: Strikes out swinging
Top of the 7th over - 9 runs, 8 hits, 0 errors, 3 left on base; Boston (APP) 11 - Burlington 7
BOTTOM OF THE 7TH
Burlington Royals batting - Pitching for Boston (APP) Red Sox : RHP Seb Lightfoot
Now in CF: Joe Booth
Now in RF: Mario Arriero
Batting: RHB Dave Saldana 0-0: Fly out, F7 (Flyball, 7S, EV 91.9 MPH)
Batting: RHB Trevor Kingston 0-0: Ball
1-0: Foul Ball, location: 2F
1-1: Foul Ball, location: 2F
1-2: Ball
2-2: Ball
3-2: Ground out 6-3 (Groundball, 56, EV 101.2 MPH)
Batting: RHB Carlos Santoni 0-0: Called Strike
0-1: Foul Ball, location: 2F
0-2: Ball
1-2: Strikes out looking
Bottom of the 7th over - 0 runs, 0 hits, 0 errors, 0 left on base; Boston (APP) 11 - Burlington 7
TOP OF THE 8TH
Boston (APP) Red Sox batting - Pitching for Burlington Royals : RHP Brian Hunt
Batting: LHB Mike Hutcheson 0-0: Ball
1-0: Ball
2-0: Ball
3-0: Called Strike
3-1: Base on Balls
Batting: RHB Mario Arriero 0-0: Sac Bunt to 13S - play at first, batter OUT! 1-3
Mike Hutcheson to second
Batting: RHB Joe Booth 0-0: Ball
1-0: Called Strike
1-1: Foul Ball, location: 2F
1-2: Ball
2-2: Foul Ball, location: 2F
2-2: SINGLE (Groundball, 25, EV 68.8 MPH) (infield hit)
Mike Hutcheson to third
Pitching: LHP Ken Milhouse
Batting: LHB Robert Gonzalez 0-0: Called Strike
Joe Booth steals 2nd, throwing error, E2
Mike Hutcheson scores
Joe Booth to third
0-1: Called Strike
0-2: Ball
1-2: Ball
2-2: Foul Ball, location: 2F
2-2: Foul Ball, location: 2F
2-2: Strikes out swinging
Batting: RHB Willie Camacho 0-0: Ball
1-0: Swinging Strike
1-1: Swinging Strike
1-2: Strikes out looking
Top of the 8th over - 1 run, 1 hit, 1 error, 1 left on base; Boston (APP) 12 - Burlington 7
BOTTOM OF THE 8TH
Burlington Royals batting - Pitching for Boston (APP) Red Sox : RHP Seb Lightfoot
Batting: RHB Junro Kato 0-0: SINGLE (Groundball, 56D, EV 97.5 MPH)
Batting: RHB Jon Shonka 0-0: Ball
1-0: Ball
2-0: Called Strike
2-1: Fielders Choice at 2nd, 6-4 (Groundball, 6, EV 83.1 MPH)
Pitching: LHP Jose Andujar
Batting: LHB Pablo Serrato 0-0: Ball
1-0: Foul Ball, location: 2F
1-1: Ball
2-1: Ball
3-1: Foul Ball, location: 2F
3-2: SINGLE (Groundball, 6M, EV 89.4 MPH) (infield hit)
Jon Shonka to second
Batting: RHB Carlos Almada 0-0: Foul Ball, location: 2F
0-1: Ball
1-1: DOUBLE (Line Drive, 5D, EV 96.2 MPH)
Jon Shonka scores
Pablo Serrato to third
Batting: LHB Vicente Hernandez 0-0: Ball
1-0: Ball
2-0: Called Strike
2-1: Foul Ball, location: 2F
2-2: Ball
3-2: Fly out, F8 (Flyball, 8RM, EV 84.4 MPH)
Batting: RHB Ian Hornsby 0-0: Called Strike
0-1: Ball
Wild Pitch!
Pablo Serrato scores
Carlos Almada to third
1-1: Hit by Pitch
Batting: RHB Dave Saldana 0-0: Swinging Strike
0-1: Ground out 4-3 (Groundball, 34, EV 105.6 MPH)
Bottom of the 8th over - 2 runs, 3 hits, 0 errors, 2 left on base; Boston (APP) 12 - Burlington 9
TOP OF THE 9TH
Boston (APP) Red Sox batting - Pitching for Burlington Royals : LHP Ken Milhouse
Batting: RHB Roger Mitchell 0-0: Ball
1-0: Ball
2-0: Ball
3-0: Base on Balls
Batting: RHB Tony Gallegos 0-0: Ball
1-0: SINGLE (Groundball, 6MD, EV 100.0 MPH)
Roger Mitchell to second
Batting: RHB Dominique Paolozzi 0-0: Ball
1-0: Ball
2-0: Foul Ball, location: 2F
2-1: Ball
3-1: SINGLE (Groundball, 56, EV 102.5 MPH)
Roger Mitchell to third
Tony Gallegos to second
Pitching: LHP Brett Reed
Batting: RHB Mike Rosa 0-0: GRAND SLAM HOME RUN (Flyball, 7D, EV 99.4 MPH), Distance : 380 ft
Pinch Hitting: RHB Vladmiri Nugaibekov 0-0: Called Strike
0-1: Ball
1-1: Ball
2-1: Fly out, F9 (Flyball, 9, EV 91.2 MPH)
Batting: RHB Mario Arriero 0-0: Ball
1-0: Ground out 4-3 (Groundball, 4, EV 92.5 MPH)
Batting: RHB Joe Booth 0-0: Ball
1-0: SOLO HOME RUN (Flyball, 9LD, EV 93.8 MPH), Distance : 352 ft
Batting: LHB Robert Gonzalez 0-0: Ground out 5-3 (Groundball, 6S, EV 85.6 MPH)
Top of the 9th over - 5 runs, 4 hits, 0 errors, 0 left on base; Boston (APP) 17 - Burlington 9
BOTTOM OF THE 9TH
Burlington Royals batting - Pitching for Boston (APP) Red Sox : LHP Jose Andujar
Now at C: Vladmiri Nugaibekov
Batting: RHB Trevor Kingston 0-0: Called Strike
0-1: Ball
1-1: Called Strike
1-2: Ground out 6-3 (Groundball, 6, EV 84.4 MPH)
Batting: RHB Carlos Santoni 0-0: Called Strike
0-1: Ground out 2-3 (Groundball, 15S, EV 67.5 MPH)
Batting: RHB Junro Kato 0-0: Ball
1-0: Swinging Strike
1-1: Ball
2-1: Foul Ball, location: 2F
2-2: Strikes out swinging
Bottom of the 9th over - 0 runs, 0 hits, 0 errors, 0 left on base; Boston (APP) 17 - Burlington 9
Thursday, December 15th , 2022 - OOTP Baseball 23.9 Build 102